 Dungeon Crawl Stone Soup version 0.16-a0-1243-g6e0463c (webtiles) character file.

95303 Kashira the Cleaver (level 16, -1/88 HPs)
             Began as a Vine Stalker Berserker on Oct 13, 2014.
             Was an Elder of Trog.
             Killed from afar by Ilsuiw (25 damage)
             ... with a shard of ice
             ... on level 5 of the Shoals.
             The game lasted 02:13:51 (22063 turns).

Kashira the Cleaver (Vine Stalker Berserker)       Turns: 22063, Time: 02:13:51

Health: -1/88      AC: 11    Str: 24    XL:     16   Next: 13%
Magic:  0/31       EV: 20    Int:  8    God:    Trog [****..]
Gold:   379        SH:  0    Dex: 16    Spells: 0 memorised, 15 levels left

rFire  . . .     SeeInvis .     O - +5 broad axe (freeze)
rCold  + + .     Clarity  .     u - +2 leather armour {rC+}
rNeg   . . .     SustAb   .     (no shield)
rPois  +         Gourm    .     B - +0 helmet
rElec  .         Spirit   +     g - +0 cloak {+Inv}
rCorr  .         Warding  .     v - +1 pair of gloves
rMut   +         Stasis   .     y - +0 pair of boots
MR     ++++.                    W - amulet of resist mutation
Stlth  +++++.....               m - ring of Surprise {Ice Slay+4}
                                T - ring "Cetu" {+Fly rF+ Slay+3}

@: very slightly contaminated, regenerating, incredibly resistant to hostile
enchantments, quite stealthy
A: fangs 3, poison resistance, regeneration 3, magic shield, antimagic bite, no
device heal 3, rot immunity
a: Burn Spellbooks, Berserk, Trog's Hand, Brothers in Arms, Renounce Religion,
Evoke Invisibility, Evoke Flight


You were on level 5 of the Shoals.
You worshipped Trog.
Trog was greatly pleased with you.
You were not hungry.

You visited 4 branches of the dungeon, and saw 28 of its levels.
You also visited: Ossuary, Ice Cave and Volcano.

You collected 3124 gold pieces.
You spent 2745 gold pieces at shops.

Inventory:

Hand weapons
 d - the +9 mace "Demonslayer" {crush, Str-1}
   (You found it on level 4 of the Dungeon)

   It inflicts extra damage upon your enemies.
   It affects your strength (-1).
 z - a +2 antimagic battleaxe
 O - a +5 broad axe of freezing (weapon)
Missiles
 G - 3 throwing nets (quivered)
 M - 25 javelins of returning
Armour
 g - a +0 cloak of invisibility (worn)
 i - the +2 robe of the Eagle {rElec rN+ Dex-5}
   (You bought it in a shop on level 4 of the Orcish Mines)

   It affects your dexterity (-5).
   It insulates you from electricity.
   It protects you from negative energy.
 u - a +2 leather armour of cold resistance (worn)
 v - a +1 pair of gloves (worn)
 y - a +0 pair of boots (worn)
 B - a +0 helmet (worn)
 V - a +0 chain mail of poison resistance
Rods
 k - a +8 rod of shadows (13/13)
   (You found it on level 8 of the Lair of Beasts)
Jewellery
 m - the ring of Surprise (right hand) {Ice Slay+4}
   (You found it on level 3 of the Lair of Beasts)

   [ring of ice]

   It enhances your ice magic, and weakens your fire magic.
   It affects your accuracy and damage with ranged weapons and melee attacks
   (+4).
   It makes you vulnerable to fire.
   It protects you from cold.
 C - an uncursed ring of fire
 F - an uncursed ring of protection from cold
 J - the ring "Shidgh" {SustAb rC+ Dex+3 Stlth--}
   (You found it on level 2 of the Shoals)

   [ring of sustain abilities]

   It sustains your strength, intelligence and dexterity.
   It affects your dexterity (+3).
   It protects you from cold.
   It makes you much less stealthy.
 P - an uncursed amulet of resist mutation
 T - the ring "Cetu" (left hand) {+Fly rF+ Slay+3}
   (You took it off an orc on level 2 of the Orcish Mines)

   [ring of protection from fire]

   It affects your accuracy and damage with ranged weapons and melee attacks
   (+3).
   It protects you from fire.
   It lets you fly.
 W - an amulet of resist mutation (around neck)
Magical devices
 b - a wand of hasting (2)
 f - a wand of fire (7)
 s - a wand of draining (4)
 I - a wand of digging (9)
 N - a wand of digging (10)
 Z - a wand of lightning (2)
Scrolls
 n - a scroll of magic mapping
 E - 2 scrolls of teleportation
 K - 2 scrolls of remove curse
 Q - a scroll of blinking
 U - 4 scrolls of fog
Potions
 e - a potion of resistance
 l - 5 potions of agility
 q - 3 potions of cancellation
 r - 2 potions of magic
 t - 14 potions of curing
 w - 3 potions of invisibility
 x - a potion of berserk rage
 L - a potion of mutation {unknown}
 S - a potion of flight
Books
 a - a book of Changes

   Spells                             Type                      Level
   Beastly Appendage                  Transmutation                1
   Sticks to Snakes                   Transmutation                2
   Spider Form                        Transmutation/Poison         3
   Ice Form                           Ice/Transmutation            4
   Blade Hands                        Transmutation                5
   Trog disapproves of the use of such an item.
Miscellaneous
 j - a plain deck of changes
 o - a fan of gales
 D - a lantern of shadows
 H - a plain deck of changes {Dowsing}
Comestibles
 c - 7 bread rations
 p - 9 royal jellies
 A - 4 fruits


   Skills:
 + Level 12.1 Fighting
 + Level 12.6 Axes
 + Level 6.1 Armour
 + Level 12.3 Dodging
 - Level 11.1 Stealth
 * Level 11.8 Evocations


You had 15 spell levels left.
You didn't know any spells.

Dungeon Overview and Level Annotations

Branches:
Dungeon (11/15)            Temple (0/1) D:7             Orc (4/4) D:10
    Elf (0/3) Orc:3          Lair (8/8) D:11         Shoals (5/5) Lair:5
  Snake (0/5) Lair:6        Slime (0/6) Lair:6

Altars:
Ashenzari
Cheibriados
Kikubaaqudgha
Makhleb
Okawaru
Ru
Trog
Zin
Beogh

Shops:
D:7 !   D:8 *   D:9 ?%   Orc:2 }   Orc:4 *?[:   Shoals:2 =

Annotations:
D:9 exclusions: 2 electric eels and 3 more exclusions
Shoals:5 Ilsuiw


Innate Abilities, Weirdness & Mutations

You have razor-sharp teeth.
You regenerate.
When hurt, damage is shared between your health and your magic reserves.
Your bite disrupts and absorbs the magic of your enemies.
Potions and wands cannot restore your health.
You are immune to rotting.
Your system is resistant to poisons.


Message History

Some deep water.
Read which item? (? for menu, Esc to quit)
As you read the scroll of fear, it crumbles to dust.
You assume a fearsome visage.
Ilsuiw resists with almost no effort.
The merfolk aquamancer looks frightened!
The water elemental is unaffected.
Ilsuiw sings a strange sea-chanty.
Ilsuiw casts a spell.
Ilsuiw blinks!
The merfolk aquamancer mumbles some strange words.
The merfolk aquamancer blinks!
The merfolk aquamancer gestures wildly while chanting.
The merfolk aquamancer blinks!
You hear two shouts!
Ilsuiw gestures wildly while chanting.
Ilsuiw flickers and vanishes!
Deactivating autopickup; reactivate with Ctrl-A.
The merfolk aquamancer seems to regain its courage.
The shard of ice hits you! You partially resist.
You die...

≈≈≈*******≈≈≈≈≈≈≈#**,,≈≈≈≈≈≈≈≈≈≈≈
≈≈**≈≈≈≈≈**≈≈≈≈≈≈###.,≈≈≈≈≈≈≈≈≈≈≈
≈**≈*,,,,≈*#≈≈≈≈≈...≈≈≈≈≈≈≈≈≈≈≈≈≈
≈*≈*,,≈≈,,≈#≈≈≈≈≈..≈≈≈≈,,,≈≈≈≈≈≈≈
≈*≈,,≈≈≈*,,#≈≈≈≈≈..≈≈...,,,,,,,≈≈
≈*≈,≈≈##≈,,#≈m≈≈≈.≈....#**,,*,,,≈
≈*≈,≈≈#≈≈#,#≈≈≈).......# ******,,
≈#≈,,*≈≈≈≈≈#≈$≈........#** *,,
≈##≈,,,#≈≈#≈≈≈..@......#,******,,
≈≈##≈,,,,#≈{≈≈..........<,,,,,,≈≈
≈≈≈######≈≈≈E≈..........,,,,,,,≈≈
≈≈≈≈≈≈≈≈≈≈≈≈P≈..........,,,,,≈≈≈≈
≈≈≈≈≈P≈≈≈≈≈≈≈≈P.≈#≈#≈...,,,,,≈≈≈≈
....≈O≈(≈≈≈≈≈≈≈≈#≈≈≈#≈.,,,,,,,≈≈≈
....(Tm≈≈≈≈≈E≈≈#≈≈≈≈≈#,,,,,,,,≈≈≈
....PPmm≈≈≈≈≈≈P≈≈≈≈≈≈≈,,,,,,,,≈≈≈
##).PYPP≈≈≈≈P≈≈#≈≈≈≈≈*,,,,,,,,,≈≈


You could see a merfolk aquamancer and 2 water elementals.

Vanquished Creatures
  A frost giant (IceCv)
  Gastronok (D:9)
  A merfolk javelineer (Shoals:2)
  A minotaur (Orc:2)
  A fire dragon (Volcano)
  A merfolk impaler (Shoals:5)
  3 hydras
  A centaur warrior (D:10)
  A merfolk aquamancer (Shoals:2)
  4 death yaks
  2 orc high priests (Orc:3)
  3 catoblepae
  Nergalle (Lair:6)
  2 orc knights
  3 sea snakes
  An ice statue (IceCv)
  A lindwurm (Lair:7)
  Pikel (D:4)
  3 harpies (Shoals:3)
  A griffon (Shoals:1)
  A hill giant (D:10)
  A faun (Shoals:2)
  6 orc sorcerers
  2 manticores
  3 water nymphs
  5 elephants (Lair:8)
  2 sirens
  A cyclops (Shoals:3)
  Maurice (D:8)
  2 molten gargoyles (Volcano)
  Joseph (D:10)
  10 komodo dragons
  5 black mambas
  9 spiny frogs
  A torpor snail (Lair:5)
  A gargoyle (D:9)
  5 fire drakes
  Grinder (D:4)
  16 polar bears
  3 trolls
  3 snapping turtles
  5 merfolk
  Prince Ribbit (D:8)
  A wind drake (Shoals:2)
  15 blink frogs
  2 tarantellas (Lair:6)
  A spriggan (Lair:6)
  A shadow (D:9)
  A water elemental (Shoals:3)
  3 wyverns
  A redback (Lair:6)
  3 basilisks
  6 hippogriffs
  61 yaks
  9 hogs (Lair:8)
  9 wargs
  2 hungry ghosts
  2 mottled dragons (Volcano)
  4 hell hounds (Lair:8)
  10 porcupines
  Edmund (D:8)
  13 water moccasins
  33 wolves
  2 ice beasts
  18 orc warriors
  8 black bears
  2 sky beasts (D:9)
  8 ogres
  A necrophage (D:10)
  5 centaurs
  9 crocodiles
  Sigmund (D:4)
  Duvessa (D:8)
  2 boring beetles
  An elf zombie (Ossuary)
  A big kobold (D:9)
  Blork the orc (D:8)
  23 giant frogs
  A scorpion (D:9)
  2 killer bees (D:11)
  An electric eel (Lair:3)
  2 vampire bats (D:9)
  A yak skeleton (D:7)
  Dowan (D:8)
  2 centaur zombies
  2 goliath beetles
  3 lava snakes (Volcano)
  2 crimson imps
  A giant frog skeleton (D:6)
  18 orc priests
  A gnoll shaman (D:4)
  17 hounds
  2 human zombies (Ossuary)
  14 orange rats
  22 orc wizards
  11 iguanas
  5 worker ants
  15 sheep
  2 big kobold zombies (Ossuary)
  2 mummies (Ossuary)
  A worker ant zombie (D:8)
  9 gnolls
  48 green rats
  A shadow imp (D:9)
  23 adders
  12 white imps (Orc:2)
  4 worms
  3 adder zombies
  6 giant geckos
  2 oozes
  144 orcs
  3 ball pythons
  14 bats
  3 bat skeletons (D:9)
  4 bat zombies
  20 goblins
  16 hobgoblins
  6 jackals (Lair:8)
  21 kobolds
  17 quokkas
  4 giant cockroaches
  2 giant newts
  2 giant spores (D:6)
  A goblin zombie (Ossuary)
  A hobgoblin skeleton (D:6)
  6 hobgoblin zombies (Ossuary)
  2 jackal zombies
  A kobold skeleton (D:5)
  12 kobold zombies (Ossuary)
  2 orc skeletons
  14 orc zombies
  36 rats
  2 rat zombies (Ossuary)
  3 ballistomycetes (D:6)
  4 fungi
  4 plants
959 creatures vanquished.

Vanquished Creatures (collateral kills)
  Polyphemus (Shoals:2)
  Rupert (Lair:5)
  A merfolk impaler (Shoals:2)
  5 hydras
  2 merfolk avatars
  An alligator snapping turtle (Shoals:5)
  10 death yaks
  3 orc high priests (Orc:4)
  An ice devil (Orc:4)
  A sea snake (Shoals:2)
  A deep troll (Orc:2)
  A lindwurm (Lair:8)
  3 orc knights (Orc:4)
  2 orc sorcerers (Orc:4)
  An ugly thing (D:11)
  A griffon (Lair:5)
  A manticore (Shoals:2)
  3 fauns (Shoals:2)
  A drowned soul (Shoals:2)
  5 spiny frogs
  4 komodo dragons
  A troll (Orc:2)
  A wind drake (Shoals:2)
  4 polar bears
  2 blink frogs (Lair:8)
  7 merfolk (Shoals:2)
  A snapping turtle (Shoals:2)
  3 redbacks (Lair:6)
  3 water elementals
  2 orc zombies (Orc:4)
  12 yaks
  Grum (D:10)
  5 wolves
  2 hippogriffs (Lair:5)
  7 orc warriors
  A swamp drake (D:10)
  4 ogres
  A giant frog (Lair:2)
  3 orc priests
  5 orc wizards
  An iguana (Lair:2)
  2 green rats (Lair:7)
  17 orcs
  A goblin (Orc:2)
  A quokka (Lair:2)
  2 plants (Shoals:2)
138 creatures vanquished.

Vanquished Creatures (others)
  A deep troll (Shoals:2)
  2 hill giants
  3 drowned souls
  A gargoyle (Lair:4)
  5 trolls
  An air elemental (Shoals:2)
  3 two-headed ogres
  A shadow (Lair:7)
  2 slaves (D:4)
  A phantom (Shoals:2)
  14 ogres
  An iguana (Lair:4)
  A worker ant (D:4)
  An orc (Orc:3)
  A bush (Lair:7)
  10 fungi
  5 plants
  5 toadstools (D:1)
58 creatures vanquished.

Grand Total: 1155 creatures vanquished

Notes
Turn   | Place    | Note
--------------------------------------------------------------
     0 | D:1      | Kashira, the Vine Stalker Berserker, began the quest for the Orb.
     0 | D:1      | Reached XP level 1. HP: 11/11 MP: 1/1
   117 | D:1      | Reached skill level 3 in Axes
   189 | D:1      | Reached XP level 2. HP: 16/16 MP: 3/3
   517 | D:2      | Reached XP level 3. HP: 11/19 MP: 4/4
   620 | D:2      | Acquired Trog's second power
   641 | D:2      | Reached skill level 4 in Axes
   669 | D:2      | Found an iron altar of Okawaru.
   770 | D:2      | Found a shattered altar of Ashenzari.
   919 | D:2      | Reached XP level 4. HP: 2/23 MP: 1/5
  1165 | D:3      | Reached skill level 5 in Axes
  1167 | D:3      | Reached XP level 5. HP: 27/27 MP: 7/7
  1318 | D:3      | Noticed an ogre
  1322 | D:3      | Killed an ogre
  1439 | D:3      | Gained mutation: You heal very quickly. [vine stalker growth]
  1439 | D:3      | Reached XP level 6. HP: 32/32 MP: 8/8
  1809 | D:4      | Reached skill level 6 in Axes
  2017 | D:4      | Noticed Pikel
  2029 | D:4      | Killed Pikel
  2029 | D:4      | Reached skill level 8 in Axes
  2029 | D:4      | Reached XP level 7. HP: 19/35 MP: 6/9
  2047 | D:4      | Got a crystal mace
  2056 | D:4      | Identified the cursed +9 mace "Demonslayer" {crush, Str-1} (You found it on level 4 of the Dungeon)
  2094 | D:4      | Noticed Grinder
  2097 | D:4      | Killed Grinder
  2097 | D:4      | Reached skill level 1 in Stealth
  2097 | D:4      | Gained mutation: You have razor-sharp teeth. [vine stalker growth]
  2097 | D:4      | Reached XP level 8. HP: 40/40 MP: 11/11
  2192 | D:4      | Acquired Trog's third power
  2401 | D:4      | Noticed Sigmund
  2416 | D:4      | Killed Sigmund
  2483 | D:5      | Entered Level 5 of the Dungeon
  2935 | D:5      | Reached skill level 9 in Axes
  3254 | D:6      | Found a sand-covered staircase.
  3259 | Ossuary  | Entered an ossuary
  3382 | Ossuary  | Reached XP level 9. HP: 42/45 MP: 12/12
  3969 | D:6      | Reached skill level 5 in Fighting
  3969 | D:6      | Reached skill level 1 in Evocations
  3974 | D:6      | Received a gift from Trog
  4163 | D:6      | Got a dull robe
  4174 | D:6      | Identified the cursed -2 robe "Ball" {Slay+5} (You found it on level 6 of the Dungeon)
  4379 | D:7      | Found Lafonao's Distillery.
  4387 | D:7      | Bought 2 potions of degeneration for 56 gold pieces
  4387 | D:7      | Bought a potion of poison for 14 gold pieces
  4387 | D:7      | Bought a potion of confusion for 14 gold pieces
  4387 | D:7      | Bought a potion of might for 35 gold pieces
  4387 | D:7      | Bought a potion of brilliance for 35 gold pieces
  4387 | D:7      | Bought a potion of restore abilities for 42 gold pieces
  4387 | D:7      | Bought a potion of curing for 28 gold pieces
  4387 | D:7      | Bought a potion of curing for 28 gold pieces
  4387 | D:7      | Bought a potion of cancellation for 77 gold pieces
  4418 | D:7      | Got a steaming scale mail
  4475 | D:7      | Found a staircase to the Ecumenical Temple.
  4767 | D:7      | Found a glowing silver altar of Zin.
  4835 | D:7      | Found a snail-covered altar of Cheibriados.
  5099 | D:8      | Found Xoass' General Store.
  5104 | D:8      | Bought a potion of lignification for 22 gold pieces
  5104 | D:8      | Bought a scroll of identify for 22 gold pieces
  5144 | D:8      | Noticed Edmund
  5177 | D:8      | Noticed Maurice
  5186 | D:8      | Killed Maurice
  5186 | D:8      | Reached skill level 5 in Dodging
  5186 | D:8      | Reached XP level 10. HP: 45/53 MP: 13/17
  5204 | D:8      | Found a sacrificial altar of Ru.
  5255 | D:8      | Found an iron altar of Okawaru.
  5298 | D:8      | Noticed Duvessa
  5298 | D:8      | Noticed Dowan
  5305 | D:8      | Killed Duvessa
  5308 | D:8      | Killed Dowan
  5365 | D:8      | Killed Edmund
  5462 | D:8      | Noticed Blork the orc
  5468 | D:8      | Killed Blork the orc
  5598 | D:8      | Reached skill level 5 in Stealth
  5691 | D:8      | Noticed Prince Ribbit
  5699 | D:8      | Killed Prince Ribbit
  5769 | D:9      | Found Ovutac's Food Emporium.
  5790 | D:9      | Found Ylefatze's Jewellery Emporium.
  5870 | D:9      | Noticed Gastronok
  5896 | D:9      | Killed Gastronok
  5955 | D:9      | Received a gift from Trog
  6020 | D:9      | Found Tweofrek's Magic Scroll Shoppe.
  6057 | D:9      | Bought a scroll of remove curse for 45 gold pieces
  6068 | D:9      | Identified the +2 scale mail "Uteirib" {Str+3} (You found it on level 7 of the Dungeon)
  6468 | D:9      | Reached XP level 11. HP: 55/58 MP: 19/21
  6481 | D:9      | Found a bloodstained altar of Trog.
  6560 | D:9      | Found an ancient bone altar of Kikubaaqudgha.
  6574 | D:9      | Reached skill level 5 in Evocations
  6972 | D:9      | Gained mutation: Your magical capacity is low (-10% MP). [mutagenic meat]
  6973 | D:9      | Gained mutation: Your system is resistant to poisons. [mutagenic meat]
  7081 | D:9      | Bought a scroll of blinking for 112 gold pieces
  7081 | D:9      | Bought a scroll of identify for 30 gold pieces
  7136 | D:10     | Entered Level 10 of the Dungeon
  7155 | D:10     | Noticed Joseph
  7165 | D:10     | Noticed a hill giant
  7165 | D:10     | Killed Joseph
  7170 | D:10     | Killed a hill giant
  7248 | D:10     | Noticed a centaur warrior
  7255 | D:10     | Killed a centaur warrior
  7774 | D:10     | Found a staircase to the Orcish Mines.
  7859 | Orc:1    | Entered Level 1 of the Orcish Mines
  7862 | Orc:1    | Noticed Grum
  7874 | D:10     | HP: 1/88 [orc warrior/long sword (14)]
  8023 | D:10     | Killed Grum
  8218 | Orc:1    | Found a burning altar of Makhleb.
  8315 | Orc:2    | Found a frozen archway.
  8370 | IceCv    | Entered an ice cave
  8502 | IceCv    | HP: 3/60 [polar bear (19)]
  8680 | IceCv    | Gained mutation: You regenerate. [vine stalker growth]
  8680 | IceCv    | Reached XP level 12. HP: 64/64 MP: 19/21
  8844 | IceCv    | Reached skill level 5 in Armour
  8975 | IceCv    | Noticed an ice statue
  8994 | IceCv    | Killed an ice statue
  9035 | IceCv    | Noticed a death yak
  9049 | IceCv    | Noticed a death yak
  9049 | IceCv    | Killed a death yak
  9053 | IceCv    | Killed a death yak
  9101 | IceCv    | Noticed a death yak
  9101 | IceCv    | Noticed a frost giant
  9132 | IceCv    | Killed a death yak
  9145 | IceCv    | Killed a frost giant
  9324 | Orc:2    | Found Goimecawur's Gadget Boutique.
  9336 | Orc:2    | Bought a lantern of shadows for 260 gold pieces
  9377 | Orc:2    | Found a roughly hewn altar of Beogh.
  9382 | Orc:2    | Noticed a deep troll
  9407 | Orc:2    | Killed a deep troll
  9621 | Orc:2    | Got a wavering tin ring
  9740 | Orc:3    | Found a staircase to the Elven Halls.
  9835 | Orc:3    | Noticed an orc high priest
  9854 | Orc:3    | Reached XP level 13. HP: 70/70 MP: 23/23
  9855 | Orc:3    | Killed an orc high priest
 10057 | Orc:3    | Noticed an orc high priest
 10161 | Orc:3    | Killed an orc high priest
 10425 | Orc:4    | Entered Level 4 of the Orcish Mines
 10615 | Orc:4    | Received a gift from Trog
 10718 | Orc:4    | Found Khea's Book Boutique.
 10779 | Orc:4    | Reached skill level 10 in Axes
 10793 | Orc:4    | Found Cahujurghe's Magic Scroll Emporium.
 10875 | Orc:4    | Found Xagraiw's General Store.
 10876 | Orc:4    | Bought a scroll of identify for 28 gold pieces
 10876 | Orc:4    | Bought a scroll of identify for 28 gold pieces
 10876 | Orc:4    | Bought a scroll of magic mapping for 49 gold pieces
 10876 | Orc:4    | Bought a scroll of holy word for 105 gold pieces
 10876 | Orc:4    | Bought 3 scrolls of teleportation for 126 gold pieces
 10876 | Orc:4    | Bought a scroll of identify for 28 gold pieces
 10876 | Orc:4    | Bought a scroll of remove curse for 42 gold pieces
 10881 | Orc:4    | Found Othuyquo's Antique Armour Boutique.
 10888 | Orc:4    | Bought a scroll of teleportation for 42 gold pieces
 10888 | Orc:4    | Bought a potion of curing for 28 gold pieces
 10907 | Orc:4    | Reached skill level 10 in Dodging
 11425 | Orc:4    | Bought a scroll of vulnerability for 105 gold pieces
 11615 | D:11     | Reached skill level 10 in Fighting
 11712 | D:11     | Found a glowing silver altar of Zin.
 11725 | D:11     | Found a staircase to the Lair.
 11755 | D:11     | Identified the ring "Cetu" {+Fly rF+ Slay+3} (You took it off an orc on level 2 of the Orcish Mines)
 11765 | Lair:1   | Entered Level 1 of the Lair of Beasts
 12951 | Lair:3   | Received a gift from Trog
 13157 | Lair:3   | Got an ancient turquoise ring
 13477 | Lair:3   | Identified the ring of Surprise {Ice Slay+4} (You found it on level 3 of the Lair of Beasts)
 13755 | Lair:5   | Reached XP level 14. HP: 77/77 MP: 25/25
 13879 | Lair:5   | Reached skill level 10 in Stealth
 14103 | Lair:5   | Received a gift from Trog
 14227 | Lair:5   | Noticed Rupert
 14237 | Lair:5   | Killed Rupert
 14361 | Lair:5   | Found a staircase to the Shoals.
 14391 | Lair:6   | Noticed Nergalle
 14400 | Lair:6   | Killed Nergalle
 14771 | Lair:6   | Reached skill level 10 in Evocations
 14996 | Lair:6   | Found a staircase to the Slime Pits.
 15061 | Lair:6   | Found a staircase to the Snake Pit.
 15378 | Lair:7   | Reached skill level 11 in Stealth
 15502 | Lair:7   | Found a dark tunnel.
 15580 | Volcano  | Entered a volcano
 15791 | Volcano  | Found a radiant altar of Vehumet.
 16895 | Lair:8   | Entered Level 8 of the Lair of Beasts
 17343 | Lair:8   | Reached XP level 15. HP: 74/82 MP: 21/27
 17458 | Lair:8   | Identified a +8 rod of shadows (13/13) (You found it on level 8 of the Lair of Beasts)
 18052 | Lair:8   | Received a gift from Trog
 19299 | Lair:1   | Reached skill level 12 in Dodging
 19302 | Lair:1   | Received a gift from Trog
 19305 | Lair:1   | Got a twisted eveningstar {god gift}
 19308 | Lair:1   | Identified the +4 eveningstar of Guepra {crush, Dex+3} (Trog gifted it to you on level 1 of the Lair of Beasts)
 19925 | Orc:4    | Bought a runed cloak for 130 gold pieces
 19925 | Orc:4    | Bought a bloodstained robe for 165 gold pieces
 19925 | Orc:4    | Bought a warped robe for 165 gold pieces
 19936 | Orc:4    | Identified the +2 robe "Shereak" {+Rage} (You bought it in a shop on level 4 of the Orcish Mines)
 19947 | Orc:4    | Identified the cursed +2 robe of the Eagle {rElec rN+ Dex-5} (You bought it in a shop on level 4 of the Orcish Mines)
 19956 | Orc:4    | Bought a legendary deck of wonders for 364 gold pieces
 20028 | Orc:2    | Bought a fan of gales for 520 gold pieces
 20041 | Orc:2    | Lost mutation: Your magical capacity is low (-10% MP). [helix card]
 20184 | Orc:2    | Noticed an orc knight
 20195 | Orc:2    | Killed an orc knight
 20600 | Shoals:1 | Entered Level 1 of the Shoals
 20992 | Shoals:2 | Noticed Polyphemus
 21011 | Shoals:2 | Killed Polyphemus
 21027 | Shoals:2 | Received a gift from Trog
 21137 | Shoals:2 | Found Them's Jewellery Boutique.
 21403 | Shoals:2 | Got a vibrating glass ring
 21405 | Shoals:2 | Identified the ring "Shidgh" {SustAb rC+ Dex+3 Stlth--} (You found it on level 2 of the Shoals)
 21430 | Shoals:3 | Reached XP level 16. HP: 88/88 MP: 31/31
 21717 | Shoals:5 | Entered Level 5 of the Shoals
 21945 | Shoals:5 | Noticed Ilsuiw
 22063 | Shoals:5 | Killed from afar by Ilsuiw

Action                   |  1- 3 |  4- 6 |  7- 9 | 10-12 | 13-15 | 16-18 || total
-------------------------+-------+-------+-------+-------+-------+-------++-------
Melee: Hand axe          |   103 |   113 |       |    60 |       |       ||   276
       Mace              |       |       |   292 |   501 |   436 |       ||  1229
       Unarmed           |       |       |       |     1 |       |       ||     1
       Battleaxe         |       |       |       |    30 |   433 |       ||   463
       Broad axe         |       |       |       |       |   307 |    50 ||   357
Throw: Tomahawk          |     3 |       |     2 |       |       |       ||     5
       Javelin           |       |       |       |       |     1 |       ||     1
Invok: Berserk           |     3 |     3 |     3 |    17 |    12 |     1 ||    39
       Brothers in Arms  |       |       |       |    14 |    32 |     5 ||    51
       Trog's Hand       |       |       |       |     2 |     2 |     2 ||     6
Evoke: Wand              |       |       |       |       |     4 |     1 ||     5
       Deck              |       |       |       |       |     9 |       ||     9
       Rod               |       |       |       |       |     4 |     2 ||     6
       Fan of gales      |       |       |       |       |     1 |       ||     1
  Use: Scroll            |       |     3 |    12 |     7 |    15 |     5 ||    42
       Potion            |       |       |       |       |     3 |       ||     3
 Stab: Sleeping          |       |     2 |     6 |    14 |    48 |       ||    70
       Distracted        |       |     1 |       |     1 |     4 |       ||     6
       Petrified         |       |       |       |       |     1 |       ||     1
  Eat: Chunk             |     2 |     6 |     8 |     7 |    27 |       ||    50
       Meat ration       |       |       |     1 |     5 |     1 |       ||     7
       Pizza             |       |       |     1 |     2 |     4 |       ||     7
       Beef jerky        |       |       |       |     2 |     6 |       ||     8
       Bread ration      |       |       |       |       |     3 |       ||     3
       Fruit             |       |       |       |       |     1 |       ||     1
       Royal jelly       |       |       |       |       |       |     1 ||     1
